 Dungeon Crawl Stone Soup version 0.31-a0-700-gf13585253f (webtiles) character file.

Game seed: 15727705908546574025

6 qw the Shooter (level 1, -6/12 HPs)
             Began as a Gargoyle Hunter on Sept 7, 2023.
             Mangled by a gnoll
             ... wielding a +0 spear
              (7 damage)
             ... on level 1 of the Dungeon.
             The game lasted 00:00:05 (148 turns).

qw the Shooter (Gargoyle Hunter)                     Turns: 148, Time: 00:00:05

Health: -6/12      AC:  5    Str: 14    XL:     1   Next: 90%
Magic:  1/1        EV:  8    Int:  9    God:
Gold:   0          SH:  0    Dex: 13    Spells: 0/0 levels left

rFire   . . .        a - +0 shortbow
rCold   . . .        (shield currently unavailable)
rNeg    + . .        c - +0 leather armour
rPois   inf          (no helmet)
rElec   +            (no cloak)
rCorr   .            (no gloves)
SInv    .            (no boots)
Will    .....        (no amulet)
Stlth   +            (no ring)
HPRegen 0.22/turn    (no ring)
MPRegen 0.07/turn

%: no passive effects
@: constricted
A: sickness immunity, AC +2, negative energy resistance 1, electricity
resistance, torment resistance 1, petrification resistance
a: no special abilities


You were on level 1 of the Dungeon.
You visited 1 branch of the dungeon, and saw 1 of its levels.


Innate Abilities, Weirdness & Mutations

You are immune to sickness and miasma.
Your stone body is resilient. (AC +2)
You are immune to poison.
You resist negative energy. (rN+)
You are resistant to electric shocks. (rElec)
You are resistant to unholy torment.
You are immune to petrification.


   Skills:
 - Level 2.1 Fighting
 + Level 4.3 Ranged Weapons
 - Level 1.5 Dodging
 - Level 1.1 Stealth


You couldn't memorise any spells.
You didn't know any spells.
Your spell library was empty.

Inventory:

Hand Weapons
 a - a +0 shortbow (weapon)
Armour
 c - a +0 leather armour (worn)
Scrolls
 b - a scroll of butterflies
 d - a scroll of revelation {unknown}
 f - a scroll of teleportation {unknown}
 g - a scroll of immolation {unknown}
Potions
 e - a potion of curing {unknown}

Dungeon Overview and Level Annotations

Branches:
Dungeon (1/15)

Altars:


Message History

The arrow hits the hobgoblin.
The hobgoblin is severely wounded.
A gnoll comes into view. It is wielding a +0 spear.
The goblin hits you but does no damage.
You shoot an arrow.
The arrow hits the hobgoblin but does no damage.
The hobgoblin is severely wounded.
The hobgoblin hits you. The goblin closely misses you.
A ball python comes into view.
Enter note:
142 |||
Found retreat position at 4,3 (floor) with 0 blocking monsters and 2 monsters attacking at destination at distance 7
Enter note:
142 ||| Stepping ~*~*~tactically~*~*~ (retreating).
The hobgoblin attacks as it pursues you!
The hobgoblin hits you.
Enter note:
143 |||
Found retreat position at 5,0 (floor) with 0 blocking monsters and 2 monsters attacking at destination at distance 6
Enter note:
143 ||| Stepping ~*~*~tactically~*~*~ (retreating).
You shoot an arrow. The arrow barely misses the hobgoblin.
You shoot an arrow. The arrow closely misses the hobgoblin.
The hobgoblin hits you.
The ball python bites you but does no damage.
The ball python grabs you. The ball python constricts you.
The ball python bites you but does no damage.
The ball python constricts you. The hobgoblin closely misses you.
You shoot an arrow.
The arrow closely misses the ball python.
The ball python bites you. The ball python constricts you.
The hobgoblin hits you but does no damage.
You shoot an arrow.
The arrow closely misses the ball python.
The ball python barely misses you. The ball python constricts you.
The hobgoblin hits you but does no damage.
You shoot an arrow.
The arrow closely misses the ball python.
The ball python bites you. The ball python constricts you.
The gnoll hits you from afar with a +0 spear!
Ouch! That really hurt!
You die...

#
###..>...........
............######
.##.#.###.#..#
........%.#..###
#.###.......... ..
###..#..#.##..###
#..#.#.###.#.....#
#.....gSg..#.###.#
#..###.#@#.#.# .#
#gg###...# # ##.#
#.### ... ..# ..#
### .#.# ##.# #.#


You could see a gnoll, a hobgoblin and a ball python.

Vanquished Creatures
  2 endoplasms (D:1)
  A goblin (D:1)
  2 bats (D:1)
  A rat (D:1)
6 creatures vanquished.

Notes
Turn   | Place    | Note
-------+----------+-------------------------------------------
     0 | D:1      | qw the Gargoyle Hunter began the quest for the Orb.
     0 | D:1      | Reached XP level 1. HP: 12/12 MP: 1/1
     0 | D:1      | 0 ||| qw: Version: 0.3-a-76-g4403597
     0 | D:1      | 0 ||| qw: Game counter: 689
     0 | D:1      | 0 ||| qw: Melee chars always use a shield: true
     0 | D:1      | 0 ||| qw: God list: Okawaru
     0 | D:1      | 0 ||| qw: Allow faded altars: false
     0 | D:1      | 0 ||| qw: Do Orc after clearing Dungeon:15 true
     0 | D:1      | 0 ||| qw: Do second Lair branch before Depths: true
     0 | D:1      | 0 ||| qw: Lair rune preference: random
     0 | D:1      | 0 ||| qw: Goals: Normal
     0 | D:1      | 0 ||| PLANNING D:1-11
   142 | D:1      | 142 ||| Stepping ~*~*~tactically~*~*~ (retreating).
   143 | D:1      | 143 ||| Stepping ~*~*~tactically~*~*~ (retreating).
   146 | D:1      | HP: 3/12 [ball python (3)]
   148 | D:1      | HP: 1/12 [ball python (1)]
   148 | D:1      | Mangled by a gnoll

Levels and vault maps discovered:
D:1:      lightli_arrival_farm, layout_loops_ring, minmay_heptomino_h4

Action                     || total
---------------------------++-------
   Fire: Shortbow          ||    22
 Armour: Leather armour    ||    15
  Dodge: Dodged            ||     3

Table legend:
 A = Non-vault XP
 B = Vault XP
 C = Vault XP percentage of total XP
 D = Non-vault monster count
 E = Vault monster count
 F = Vault count percentage of total count
                 A         B        C        D         E       F
            +---------+---------+-------+---------+---------+-------
      Total |       8 |       1 |  11.1 |       5 |       1 |  16.7
            +---------+---------+-------+---------+---------+-------
        D:1 |       8 |       1 |  11.1 |       5 |       1 |  16.7
            +---------+---------+-------+---------+---------+-------
